 Dungeon Crawl Stone Soup version 0.28.0-43-g3370ac3207 (webtiles) character file.

Game seed: 10810516039864921366

16612 CryoSword the Grappler (level 12, -3/95 HPs)
             Began as a Troll Chaos Knight on Mar 14, 2022.
             Was a Plaything of Xom.
             Slain by an eight-headed hydra (5 damage)
             ... on level 2 of the Lair of Beasts.
             The game lasted 00:32:44 (11666 turns).

CryoSword the Grappler (Troll Chaos Knight)        Turns: 11666, Time: 00:32:45

Health: -3/95      AC: 16    Str: 25    XL:     12   Next: 11%
Magic:  0/11       EV: 12    Int: 10    God:    Xom [.....*]
Gold:   950        SH:  0    Dex: 13    Spells: 9/11 levels left

rFire   + + .      SeeInvis .     - Unarmed
rCold   x . .      Faith    .   (no shield)
rNeg    . . .      Spirit   +   A - +0 swamp dragon scales
rPois   +          Reflect  .   (helmet restricted)
rElec   .          Harm     .   n - +1 cloak
rCorr   .          Rampage  .   (gloves unavailable)
Will    .....                   (boots unavailable)
Stlth   +.........              b - amulet of guardian spirit
HPRegen 1.85/turn               M - +4 ring of protection
MPRegen 0.12/turn               p - ring of fire

@: no status effects
A: large, unfitting armour, claws 3, regeneration 2, shaggy fur 1, tough skin 1,
clever 1, fire resistance 1, frail 2, mutation resistance 1, strong 1
a: Renounce Religion


You were on level 2 of the Lair of Beasts.
You worshipped Xom.
You were Xom's teddy bear.
You visited 2 branches of the dungeon, and saw 13 of its levels.
You also visited: Ossuary.

You collected 950 gold pieces.

Inventory:

Missiles
 f - a curare-tipped dart
 o - 3 throwing nets
 r - 14 boomerangs
 y - 4 javelins (quivered)
Armour
 n - a +1 cloak (worn)
   (You found it on level 2 of the Dungeon)
 A - +0 swamp dragon scales (worn)
   (You took it off Maggie on level 7 of the Dungeon)
 I - quicksilver dragon scales
   (Xom gifted it to you on level 2 of the Lair of Beasts)
Jewellery
 b - an amulet of guardian spirit (around neck)
   (You acquired it on level 2 of the Dungeon)
 p - a ring of fire (right claw)
   (You found it on level 6 of the Dungeon)
 s - a ring of protection from cold
   (You found it on level 4 of the Dungeon)
 B - the ring "Xabynib" {Wiz rF- rC++ Will+ rCorr}
   (You found it on level 6 of the Dungeon)

   [ring of wizardry]

   It improves your spell success rate.
   rF:        It makes you vulnerable to fire.
   rC:        It greatly protects you from cold.
   rCorr:     It protects you from acid and corrosion.
   Will:      It increases your willpower.
 H - a ring of flight
   (You found it on level 7 of the Dungeon)
 K - a ring of resist corrosion
   (You found it on level 9 of the Dungeon)
 M - a +4 ring of protection (left claw)
   (You found it on level 2 of the Lair of Beasts)
Wands
 J - a wand of iceblast (10)
   (You found it on level 9 of the Dungeon)
 L - a wand of digging (4)
   (You found it on level 11 of the Dungeon)
Scrolls
 a - 2 scrolls of brand weapon {unknown}
 d - 5 scrolls of fear
 i - 8 scrolls of teleportation {@r4}
 j - a scroll of amnesia {unknown}
 q - a scroll of fog
 t - a scroll of summoning {unknown}
 w - 3 scrolls of magic mapping
 x - a scroll of torment {unknown}
 E - 2 scrolls of enchant armour
 G - 5 scrolls of identify {@r1}
Potions
 e - a potion of berserk rage
 h - 7 potions of curing {@q1}
 k - 2 potions of haste {unknown}
 l - 5 potions of attraction {!q}
 m - 2 potions of magic
 u - a potion of invisibility
 v - a potion of brilliance
 z - 2 potions of lignification {!q}
 C - 3 potions of might {unknown}
 D - 3 potions of resistance
 F - a potion of cancellation {unknown}


   Skills:
 + Level 8.0 Fighting
 + Level 5.7 Throwing
 + Level 4.1 Armour
 + Level 7.9 Dodging
 * Level 13.1 Unarmed Combat
 * Level 1.6 Transmutations


You had 9 spell levels left.
You knew the following spells:

 Your Spells              Type           Power      Damage    Failure   Level
a - Wereblood             Tmut           3%         N/A       38%         2

Your spell library contained the following spells:

 Spells                   Type           Power      Damage    Failure   Level
 Apportation              Tloc           0%         N/A       50%         1
 Blink                    Tloc           0%         N/A       63%         2
 Ensorcelled Hibernation  Hex/Ice        0%         N/A       63%         2
 Sublimation of Blood     Necr           0%         N/A       63%         2
 Spider Form              Tmut/Pois      1%         N/A       75%         3
 Frozen Ramparts          Ice            0%         1d2       86%         3
 Lesser Beckoning         Tloc           0%         N/A       86%         3
 Stone Arrow              Conj/Erth      0%         3d7       86%         3
 Summon Guardian Golem    Hex/Summ       0%         N/A       86%         3
 Ice Form                 Ice/Tmut       1%         N/A       98%         4
 Anguish                  Hex/Necr       0%         N/A       99%         4
 Animate Armour           Summ/Erth      0%         N/A       99%         4
 Cause Fear               Hex            0%         N/A       99%         4
 Summon Ice Beast         Ice/Summ       0%         N/A       99%         4
 Alistair's Intoxication  Tmut/Pois      0%         N/A       100%        5
 Borgnjor's Vile Clutch   Necr/Erth      0%         N/A       100%        5
 Manifold Assault         Tloc           0%         N/A       100%        5
 Eringya's Noxious Bog    Tmut/Pois      0%         N/A       100%        6
 Dragon Form              Tmut           1%         N/A       100%        7
 Orb of Destruction       Conj           0%         9d5       100%        7
 Spellforged Servitor     Conj/Summ      0%         N/A       100%        7
 Summon Hydra             Summ           0%         N/A       100%        7
 Lehudib's Crystal Spear  Conj/Erth      0%         10d2      100%        8
 Dragon's Call            Summ           0%         N/A       100%        9


Dungeon Overview and Level Annotations

Branches:
Dungeon (11/15)            Temple (0/1) D:7            Lair (2/6) D:10
Ossuary (visited)
  Swamp: Lair:2-4    Shoals: Lair:2-4     Snake: Lair:2-4    Spider: Lair:2-4
    Orc: D:9-12

Altars:
Kikubaaqudgha
Trog
Wu Jian
Xom

Shops:
D:3 [   D:9 (


Innate Abilities, Weirdness & Mutations

You are too large for most types of armour.
You have claws for hands.
You heal very quickly.
You are covered in fur. (AC +1)
You have tough skin. (AC +1)
Your mind is acute. (Int +2)
Your flesh is heat resistant. (rF+)
You are very frail. (-20% HP)
You are somewhat resistant to further mutation.
Your muscles are strong. (Str +2)


Message History

A river rat comes into view.
A river rat is nearby!
A river rat is nearby!
Things that are here:
a rat corpse; a hell rat corpse You scratch the river rat.
You claw the river rat!
You kill the river rat!
No target in view!
No target in view!
Items here: ††††.
Things that are here:
a rat corpse; a rat corpse; a basilisk corpse A rat comes into view.
Items here: ††††.
A rat is nearby!
A rat is nearby!
A rat is nearby!
The rat completely misses you.
You claw the rat!
You kill the rat!
No target in view!
No target in view!
Items here: ††††.
Things that are here:
a river rat corpse; a hell rat corpse A hell rat comes into view.
The hell rat roars deafeningly!
A hell rat is nearby!
A hell rat is nearby!
Found 17 gold pieces.
The hell rat closely misses you.
You claw the hell rat!
You kill the hell rat!
No target in view!
No target in view!
You now have 884 gold pieces (gained 13).
You now have 901 gold pieces (gained 17).
You see here a scroll of enchant weapon.
You now have 913 gold pieces (gained 12).
You now have 931 gold pieces (gained 18).
You now have 950 gold pieces (gained 19).
You see here a river rat corpse.
Items here: ÷÷ ††.
Things that are here:
a rat corpse; a hell rat skeleton You see here a river rat corpse.
You pick up a book of Armaments and begin reading...
You add the spells Stone Arrow, Animate Armour and Lehudib's Crystal Spear to your library.
h - 7 potions of curing {@q1} (gained 1)
M - a +4 ring of protection "There, this looks better."
A six-headed hydra comes into view.
Found a spear.
Found a stone staircase leading down.
The six-headed hydra roars!
There is a shimmering altar of Xom here.
A six-headed hydra is nearby!
A six-headed hydra is nearby!
Found a scroll of fear. "Forecast: mostly cloudy."
There is a shimmering altar of Xom here.
You're wearing all the rings you can.
Remove which one? (? for menu, Esc to cancel) < or
B - the ring "Xabynib" {Wiz rF- rC++ Will+ rCorr} > or
p - a ring of fire You remove the ring "Xabynib" {Wiz rF- rC++ Will+ rCorr}.
M - a +4 ring of protection (left claw) Throw: 14 boomerangs
Aim: a six-headed hydra (81% to hit)
You throw a boomerang.
The boomerang hits the six-headed hydra!
Throw: 14 boomerangs
Aim: a six-headed hydra (moderately wounded, 81% to hit)
Okay, then.
Throw: 3 large rocks
Aim: a six-headed hydra (moderately wounded, 81% to hit)
You throw a large rock.
The large rock hits the six-headed hydra!!
The six-headed hydra closely misses you.
The six-headed hydra bites you.
The six-headed hydra bites you but does no damage.
The six-headed hydra barely misses you. The six-headed hydra bites you.
The six-headed hydra bites you!
Throw: 2 large rocks
Aim: a six-headed hydra (severely wounded, 81% to hit)
You throw a large rock.
The large rock hits the six-headed hydra!
The six-headed hydra bites you but does no damage.
The six-headed hydra barely misses you.
The six-headed hydra closely misses you.
The six-headed hydra bites you but does no damage. x3
The six-headed hydra closely misses you.
The six-headed hydra bites you.
The six-headed hydra barely misses you. x2
The six-headed hydra bites you! The six-headed hydra bites you.
Throw: large rock
Aim: a six-headed hydra (almost dead, 81% to hit)
You throw a large rock.
The large rock barely misses the six-headed hydra.
The six-headed hydra bites you!
The six-headed hydra bites you but does no damage. x2
The six-headed hydra bites you! The six-headed hydra bites you.
The six-headed hydra barely misses you.
Throw: 2 javelins (silver)
Aim: a six-headed hydra (severely wounded, 81% to hit)
You throw a silver javelin.
The silver javelin completely misses the six-headed hydra.
The six-headed hydra bites you.
The six-headed hydra bites you but does no damage.
The six-headed hydra bites you.
The six-headed hydra barely misses you. x2
The six-headed hydra bites you. x2
* * * LOW HITPOINT WARNING * * *
The six-headed hydra barely misses you. x2; The six-headed hydra bites you.
* * * LOW HITPOINT WARNING * * *
The six-headed hydra barely misses you. The six-headed hydra bites you!
* * * LOW HITPOINT WARNING * * *
Throw: javelin (silver)
Aim: a six-headed hydra (severely wounded, 81% to hit)
You throw a silver javelin.
The silver javelin pierces through the six-headed hydra!
The six-headed hydra bites you but does no damage.
The six-headed hydra bites you.
* * * LOW HITPOINT WARNING * * *
The six-headed hydra bites you!
* * * LOW HITPOINT WARNING * * *
The six-headed hydra barely misses you.
The six-headed hydra bites you but does no damage.
The six-headed hydra bites you.
* * * LOW HITPOINT WARNING * * *
Okay, then.
Okay, then.
You scratch the six-headed hydra.
The six-headed hydra bites you but does no damage. x2
The six-headed hydra closely misses you. x2
The six-headed hydra bites you but does no damage. x2
You claw one of the six-headed hydra's heads off!
The five-headed hydra grows two more!
You scratch the seven-headed hydra.
You rip one of the seven-headed hydra's heads off!
The six-headed hydra grows two more!
You mangle the eight-headed hydra!!
The eight-headed hydra bites you but does no damage. x2
The eight-headed hydra barely misses you.
The eight-headed hydra bites you but does no damage. x2
The eight-headed hydra completely misses you.
The eight-headed hydra bites you but does no damage.
The eight-headed hydra bites you.
* * * LOW HITPOINT WARNING * * *
You completely miss the eight-headed hydra.
Your claw misses the eight-headed hydra.
The eight-headed hydra bites you but does no damage.
The eight-headed hydra bites you!
* * * LOW HITPOINT WARNING * * *
The eight-headed hydra bites you.
You die...

## ##.# ######## #####
####.#####.##.#_####.#.##
.............._._D(...._#
.............._.@###.§§##
................#.###§§#
.................## ##D#
................#.# #§#
##......###.P#P.### §§#
................# #.._
........#.....P.# .#.#
.#......#.....#.. .D...
........# .. ....)


You could see an eight-headed hydra.

Vanquished Creatures
  4 two-headed ogres
  Sonja (Lair:1)
  Pikel (D:7)
  Joseph (D:7)
  A gargoyle (D:10)
  A cane toad (Lair:2)
  A rime drake (Lair:2)
  Maggie (D:7)
  5 komodo dragons
  2 tengu conjurers (D:9)
  A polar bear (Lair:1)
  A hornet (D:11)
  Sigmund (D:3)
  2 wraiths
  15 yaks
  3 basilisks
  Menkaure (D:7)
  5 vampire mosquitoes
  4 water moccasins
  A black bear (D:5)
  3 sky beasts
  8 orc warriors
  4 ogres
  A necrophage (D:8)
  6 wolves (Lair:2)
  A centaur (D:10)
  4 kobold brigands
  A phantom (D:6)
  A lemure (D:7)
  3 scorpions
  4 bullfrogs
  2 gnoll sergeants
  5 water moccasin zombies
  8 wights (D:10)
  A jelly (D:6)
  3 howler monkeys
  2 centaur zombies
  2 hounds
  8 orc priests
  2 bullfrog skeletons (D:5)
  4 iguanas
  Natasha (twice) (D:3)
  7 orc wizards
  9 hell rats (Lair:2)
  A howler monkey zombie (D:10)
  2 mummies (Ossuary)
  Robin (D:3)
  17 gnolls
  4 adders
  A howler monkey skeleton (D:4)
  13 river rats (Lair:2)
  3 white imps
  7 adder zombies (Ossuary)
  An adder skeleton (D:4)
  A worm (D:2)
  3 dart slugs (D:2)
  33 orcs
  10 ball pythons
  4 bats
  3 endoplasms
  3 giant cockroaches
  7 hobgoblins
  23 kobolds
  7 quokkas
  3 frilled lizards
  3 gnoll zombies (Ossuary)
  13 goblins
  6 hobgoblin zombies (Ossuary)
  4 kobold zombies (Ossuary)
  6 orc zombies (Ossuary)
  16 rats
338 creatures vanquished.

Vanquished Creatures (collateral kills)
  A kobold demonologist (D:10)
  A yak (Lair:2)
  A howler monkey (D:7)
  An iguana (D:7)
  3 kobolds
7 creatures vanquished.

Vanquished Creatures (others)
  An orc (D:7)
  3 plants
4 creatures vanquished.

Grand Total: 349 creatures vanquished

Notes
Turn   | Place    | Note
-------+----------+-------------------------------------------
     0 | D:1      | CryoSword the Troll Chaos Knight began the quest for the
                  | Orb.
     0 | D:1      | Reached XP level 1. HP: 22/22 MP: 0/0
   280 | D:1      | XOM: silly message
   391 | D:1      | XOM is BORED!
   391 | D:1      | XOM: silly message
   490 | D:1      | Reached XP level 2. HP: 29/29 MP: 1/1
   671 | D:1      | XOM: divination: detect items
   807 | D:2      | Identified a scroll of acquirement
   807 | D:2      | Acquired an amulet of guardian spirit
   816 | D:2      | Reached XP level 3. HP: 36/36 MP: 2/2
   906 | D:2      | XOM: noise
  1282 | D:3      | XOM: cast spell 'Alistair's Intoxication'
  1285 | D:3      | Reached skill level 1 in Throwing
  1285 | D:3      | Reached skill level 4 in Unarmed Combat
  1285 | D:3      | Reached XP level 4. HP: 39/44 MP: 0/3
  1298 | D:3      | XOM: 3-stop teleportation journey
  1343 | D:3      | Noticed Sigmund
  1349 | D:3      | XOM: divination: magic mapping
  1365 | D:3      | Killed Sigmund
  1366 | D:3      | Reached XP level 5. HP: 24/53 MP: 1/4
  1430 | D:3      | Found a faded altar of an unknown god.
  1439 | D:3      | Noticed Natasha
  1452 | D:3      | Killed Natasha
  1453 | D:3      | Reached XP level 6. HP: 48/61 MP: 2/5
  1495 | D:3      | Reached skill level 5 in Unarmed Combat
  1663 | D:3      | Found Zesiy's Armour Emporium.
  1708 | D:3      | XOM: 1-stop teleportation journey
  1753 | D:3      | Noticed Natasha
  1754 | D:3      | Killed Natasha
  1858 | D:3      | Noticed Robin
  1867 | D:3      | Killed Robin
  2068 | D:3      | XOM: scenery: create altars
  2294 | D:4      | Found a bloodstained altar of Trog.
  2402 | D:4      | Reached XP level 7. HP: 67/67 MP: 6/6
  2650 | D:4      | XOM is BORED!
  2650 | D:4      | XOM: summons 4 hostile shadow creatures
  2872 | D:5      | Entered Level 5 of the Dungeon
  2983 | D:5      | Reached skill level 6 in Unarmed Combat
  3210 | D:5      | XOM: 3-stop teleportation journey
  3319 | D:5      | XOM: summons friendly quasit
  3349 | D:5      | Reached XP level 8. HP: 78/78 MP: 7/7
  3472 | D:5      | XOM: torment (43/78 hp)
  3479 | D:5      | XOM: give mutation
  3479 | D:5      | Gained mutation: Your system is resistant to poisons.
                  | (rPois) [Xom's mischief]
  3717 | D:5      | XOM: silly message
  3843 | D:5      | XOM: draining
  3910 | D:6      | Reached skill level 7 in Unarmed Combat
  4051 | D:6      | Identified the ring "Xabynib" {Wiz rF- rC++ Will+ rCorr}
  4113 | D:6      | Lost mutation: Your system is resistant to poisons. (rPois)
                  | [potion of mutation]
  4113 | D:6      | Gained mutation: Your muscles are strong. (Str +2) [potion
                  | of mutation]
  4113 | D:6      | Gained mutation: You have an increased reservoir of magic.
                  | (+10% MP) [potion of mutation]
  4113 | D:6      | Gained mutation: You are somewhat resistant to further
                  | mutation. [potion of mutation]
  4113 | D:6      | XOM: 3-stop teleportation journey
  4114 | D:6      | XOM: noise
  4192 | D:6      | XOM: fog
  4283 | D:6      | XOM: destruction
  4397 | D:6      | XOM: silly message
  4561 | D:6      | XOM: 1-stop teleportation journey
  4708 | D:7      | Noticed Menkaure
  4711 | D:7      | XOM: scenery: summon butterflies
  4716 | D:7      | XOM: enchant monster (bad)
  4759 | D:6      | Reached skill level 8 in Unarmed Combat
  4765 | D:7      | XOM: summons friendly white imp
  4785 | D:7      | Reached XP level 9. HP: 63/87 MP: 4/8
  4829 | D:7      | Reached skill level 5 in Fighting
  4833 | D:7      | Found a staircase to the Ecumenical Temple.
  4864 | D:7      | XOM: noise
  5027 | D:7      | Reached skill level 5 in Dodging
  5056 | D:7      | Found a sand-covered staircase.
  5065 | Ossuary  | Entered an ossuary
  5507 | D:7      | XOM: butterfly on damage
  5629 | D:7      | Killed Menkaure
  5629 | D:7      | Noticed Joseph
  5630 | D:7      | Reached skill level 9 in Unarmed Combat
  5753 | D:7      | XOM: 1-stop teleportation journey
  5833 | D:7      | XOM: enchant monster (good)
  5836 | D:7      | Killed Joseph
  6013 | D:7      | Found an ornate altar of the Wu Jian Council.
  6115 | D:7      | Noticed Pikel
  6122 | D:7      | XOM: enchant monster (good)
  6124 | D:7      | XOM: confuse monster(s)
  6131 | D:7      | Killed Pikel
  6183 | D:7      | XOM: give mutations
  6183 | D:7      | Gained mutation: You heal very quickly. [Xom's mischief]
  6183 | D:7      | Gained mutation: You are frail. (-10% HP) [Xom's mischief]
  6183 | D:7      | Lost mutation: You have an increased reservoir of magic.
                  | (+10% MP) [Xom's mischief]
  6185 | D:7      | Noticed Maggie
  6194 | D:7      | Killed Maggie
  6195 | D:7      | Reached skill level 10 in Unarmed Combat
  6289 | D:8      | XOM: 2-stop teleportation journey
  6413 | D:8      | Reached XP level 10. HP: 88/88 MP: 9/9
  6777 | D:8      | XOM: cleaving
  6892 | D:8      | XOM: give mutations
  6892 | D:8      | Gained mutation: Your flesh is heat resistant. (rF+) [Xom's
                  | grace]
  6892 | D:8      | Gained mutation: Your mind is acute. (Int +2) [Xom's grace]
  6937 | D:8      | XOM: divination: detect items
  6995 | D:9      | XOM: silly message
  7179 | D:9      | XOM: potion effect (curing)
  7184 | D:9      | XOM: divination: detect items
  7327 | D:9      | XOM: divination: magic mapping
  7451 | D:9      | Found the +0 staff of Battle
  7459 | D:9      | XOM: potion effect (curing)
  7468 | D:9      | Reached skill level 11 in Unarmed Combat
  7499 | D:9      | XOM: silly message
  7706 | D:9      | Noticed a two-headed ogre
  7711 | D:9      | Killed a two-headed ogre
  7712 | D:9      | Reached skill level 1 in Armour
  7885 | D:9      | Found Peecaz's Weapon Emporium.
  8045 | D:10     | Entered Level 10 of the Dungeon
  8146 | D:10     | Noticed a gargoyle
  8148 | D:10     | XOM: potion effect (haste)
  8153 | D:10     | XOM: potion effect (might)
  8156 | D:10     | Killed a gargoyle
  8242 | D:10     | XOM: cast spell 'Discord'
  8299 | D:10     | Reached XP level 11. HP: 96/98 MP: 10/10
  8357 | D:10     | Found a shimmering altar of Xom.
  8466 | D:10     | Found an ancient bone altar of Kikubaaqudgha.
  8523 | D:10     | Found a staircase to the Lair.
  8534 | D:10     | XOM: blink monster(s)
  8595 | D:11     | Noticed a two-headed ogre
  8595 | D:11     | XOM: summons 6 friendly demons
  8602 | D:11     | Killed a two-headed ogre
  8618 | D:11     | Reached skill level 12 in Unarmed Combat
  8624 | D:11     | Noticed a two-headed ogre
  8625 | D:11     | XOM: polymorph howler monkey -> iguana
  8771 | D:11     | Noticed a two-headed ogre
  8773 | D:11     | XOM: potion effect (magic)
  8774 | D:11     | XOM: enchant monster (bad)
  8848 | D:11     | XOM: confusion (+ monsters)
  8849 | D:11     | Killed a two-headed ogre
  8982 | D:11     | XOM: blink monster(s)
  9112 | D:11     | Killed a two-headed ogre
  9432 | D:11     | XOM: silly message
  9647 | Lair:1   | Entered Level 1 of the Lair of Beasts
  9712 | Lair:1   | XOM: enchant monster (bad)
  9729 | Lair:1   | Reached skill level 5 in Throwing
  9858 | Lair:1   | XOM: enchant monster (good)
  9864 | Lair:1   | XOM: scenery: summon butterflies
  9865 | Lair:1   | XOM: give mutation
  9865 | Lair:1   | Gained mutation: You are very frail. (-20% HP) [Xom's
                  | mischief]
  9874 | Lair:1   | XOM: confusion
 10034 | Lair:1   | Noticed Sonja
 10056 | Lair:1   | XOM: enchant monster (bad)
 10062 | Lair:1   | XOM: silly message
 10067 | Lair:1   | Killed Sonja
 10485 | Lair:1   | XOM: god gift: wand of iceblast (5)
 10695 | Lair:1   | XOM: cloud trail
 10858 | Lair:2   | Learned a level 2 spell: Wereblood
 11048 | Lair:2   | XOM: summons 11 friendly demons
 11057 | Lair:2   | Reached skill level 1 in Transmutations
 11069 | Lair:2   | Reached skill level 13 in Unarmed Combat
 11072 | Lair:2   | Reached XP level 12. HP: 76/95 MP: 6/11
 11232 | Lair:2   | XOM: god gift: quicksilver dragon scales {god gift}
 11347 | Lair:2   | XOM: cleaving
 11356 | Lair:2   | XOM: summons 3 hostile shadow creatures
 11642 | Lair:2   | XOM: scenery: create altars
 11647 | Lair:2   | Noticed a six-headed hydra
 11648 | Lair:2   | XOM: fog
 11666 | Lair:2   | HP: 2/95 [eight-headed hydra (10)]
 11666 | Lair:2   | Slain by an eight-headed hydra

Illustrated notes

Levels and vault maps discovered:
D:1:      dpeg_arrival_erosion, layout_basic, serial_curves, eino_curves_03,
          eino_curves_01, eino_curves_03
D:2:      layout_loops_ring
D:3:      layout_loops_ring, hellmonk_ecumenical_altar_zigzags, serial_shops,
          nicolae_lakefront_shop, solitary_fountain, corner_web_ring,
          uniq_robin, uniq_sigmund, uniq_natasha
D:4:      layout_gridville, trog_butcher_becter, chequers_serial_rivers_room_b
D:5:      cheibrodos_iron_armory, layout_cave_pods, minmay_misc_feat_iff
D:6:      layout_basic
D:7:      layout_basic, nzn_wu_jian_contemplation, temple_pool_b,
          lightli_ossuary_entry_decrepit_ruins, uniq_menkaure, uniq_maggie,
          uniq_joseph, uniq_pikel
D:8:      layout_loops_ring
D:9:      layout_grid_maze, serial_shops, nicolae_shop_bloodbath_and_beyond,
          dk_noncrumbling_3, amcnicky_mini_pool_small,
          hellmonk_guarded_unrand_staff_of_battle
D:10:     layout_basic, xom_teletrap_fun, mainiacjoe_overflow_alcove_2,
          david_lair_shrubbed
D:11:     layout_basic
Lair:1:   layout_cave_shapes, uniq_sonja
Lair:2:   lemuel_ratsnest, layout_chaotic_city,
          eino_small_chamber_without_monster

Skill      XL: |  1  2  3  4  5  6  7  8  9 10 11 |
---------------+----------------------------------+-----
Dodging        | 2 3 4 5 6 7 |  7.9
Throwing       | 1 2 3 4 5 |  5.7
Unarmed Combat | 4 5 6 8 10 11 13 | 13.1
Fighting       | 3 4 6 7 8 |  8.0
Armour         | 2 4 |  4.1
Transmutations | 1 |  1.6

Action                   |  1- 3 |  4- 6 |  7- 9 | 10-12 || total
-------------------------+-------+-------+-------+-------++-------
Melee: Unarmed           |    81 |   114 |   366 |   470 ||  1031
       Punch             |     2 |     4 |    16 |    30 ||    52
Throw: Large rock        |       |     1 |     7 |    13 ||    21
       Dart              |       |       |     3 |     4 ||     7
       Javelin           |       |       |     2 |    26 ||    28
       Boomerang         |       |       |       |    19 ||    19
       Throwing net      |       |       |       |     3 ||     3
 Cast: Wereblood         |       |       |       |     1 ||     1
  Use: Scroll            |     2 |     6 |     5 |     4 ||    17
       Potion            |       |     1 |     4 |     1 ||     6
 Stab: Sleeping          |       |     1 |       |       ||     1
       Distracted        |       |       |     1 |       ||     1
       Confused          |       |       |     3 |       ||     3
       Paralysed         |       |       |     3 |       ||     3
       Invisible         |       |       |     2 |       ||     2
Armor: Robe              |    33 |    27 |   101 |    40 ||   201
       Skin              |       |       |    29 |    24 ||    53
       Swamp dragon scal |       |       |       |   140 ||   140
Dodge: Dodged            |    37 |    48 |   178 |   253 ||   516
